 Dungeon Crawl Stone Soup version 0.30.0-5-g1a98f26d00 (webtiles) character file.

Game seed: 6290864167680195035

184 Pimp the Trooper (level 5, -1/51 HPs)
             Began as a Gargoyle Fighter on May 8, 2023.
             Slain by elongatedgoose's ghost (15 damage)
             ... on level 3 of the Dungeon.
             The game lasted 00:03:14 (2044 turns).

Pimp the Trooper (Gargoyle Fighter)                 Turns: 2044, Time: 00:03:15

Health: -1/51      AC: 22    Str: 19    XL:     5   Next: 64%
Magic:  5/5        EV:  2    Int: 11    God:
Gold:   89         SH:  4    Dex:  9    Spells: 4/4 levels left

rFire   . . .        f - +3 short sword (freeze)
rCold   . . .        c - +0 buckler
rNeg    + . .        b - melded +0 scale mail
rPois   ∞            (helmet currently unavailable)
rElec   .            (cloak currently unavailable)
rCorr   .            (gloves currently unavailable)
SInv    .            (boots currently unavailable)
Will    .....        (no amulet)
Stlth   +            (no ring)
HPRegen 0.28/turn    (no ring)
MPRegen 0.09/turn

%: no passive effects
@: tree-form
A: stationary, stasis, torment immunity, boosted hp, sickness immunity, AC +4,
negative energy resistance 1, (electricity resistance), torment resistance 1,
petrification resistance
a: no special abilities


You were on level 3 of the Dungeon.
You were a tree.
You visited 1 branch of the dungeon, and saw 3 of its levels.

You collected 89 gold pieces.

Inventory:

Hand Weapons
 a - a +0 flail
 f - a +3 short sword of freezing (weapon)
Armour
 b - a +0 scale mail (melded)
 c - a +0 buckler (worn)
Scrolls
 j - a scroll of teleportation {unknown}
 k - a scroll of immolation {unknown}
 m - a scroll of magic mapping {unknown}
 n - 4 scrolls of blinking {unknown}
 p - a scroll of torment {unknown}
 q - 2 scrolls of identify {unknown}
 r - 2 scrolls of vulnerability {unknown}
 s - a scroll of fear {unknown}
Potions
 d - a potion of might
 g - a potion of haste {unknown}
 h - 2 potions of curing
 i - a potion of degeneration {unknown}
 l - a potion of lignification
 o - a potion of attraction {unknown}


   Skills:
 + Level 4.4 Fighting
 + Level 3.2 Maces & Flails
 + Level 4.4 Armour
 + Level 4.3 Shields


You had 4 spell levels left.
You didn't know any spells.
Your spell library was empty.

Dungeon Overview and Level Annotations

Branches:
Dungeon (3/15)

Altars:

Annotations:
D:3 elongatedgoose's ghost, amateur HOFi


Innate Abilities, Weirdness & Mutations

You are a tree.
Your roots penetrate the ground, keeping you stationary.
You cannot be teleported.
You are immune to unholy pain and torment.
Your maximum health is greatly increased.
Your equipment is partially melded.
You are immune to sickness and miasma.
((Your stone body is resilient. (AC +4)))
You are immune to poison.
You resist negative energy. (rN+)
((You are resistant to electric shocks. (rElec)))
You are resistant to unholy torment.
You are immune to petrification.


Message History

You barely miss the orc. The orc completely misses you.
You hit the orc. You freeze the orc.
The orc is heavily wounded.
The orc completely misses you.
You hit the orc. You freeze the orc.
You kill the orc!
You closely miss elongatedgoose's ghost.
Elongatedgoose's ghost hits you!
Elongatedgoose's ghost attacks as you move away!
Elongatedgoose's ghost barely misses you.
You hit elongatedgoose's ghost but do no damage.
Elongatedgoose's ghost barely misses you.
You closely miss elongatedgoose's ghost.
Elongatedgoose's ghost hits you.
You hit elongatedgoose's ghost but do no damage.
Elongatedgoose's ghost hits you but does no damage.
You hit elongatedgoose's ghost. You freeze elongatedgoose's ghost.
Elongatedgoose's ghost is lightly damaged.
Elongatedgoose's ghost misses you. Elongatedgoose's ghost hits you!
* * * LOW HITPOINT WARNING * * *
You hit elongatedgoose's ghost. You freeze elongatedgoose's ghost.
Elongatedgoose's ghost is lightly damaged.
Elongatedgoose's ghost hits you.
* * * LOW HITPOINT WARNING * * *
You hit elongatedgoose's ghost. You freeze elongatedgoose's ghost.
Elongatedgoose's ghost is moderately damaged.
Elongatedgoose's ghost closely misses you.
It was a potion of curing.
You feel better. Elongatedgoose's ghost hits you.
It was a potion of lignification.
You turn into a tree.
Your +0 scale mail melds into your body.
Your roots penetrate the ground.
Elongatedgoose's ghost hits you.
You hit elongatedgoose's ghost but do no damage.
Elongatedgoose's ghost is moderately damaged.
Elongatedgoose's ghost hits you!
* * * LOW HITPOINT WARNING * * *
You feel better.
Elongatedgoose's ghost hits you but does no damage.
It was a potion of flight.
Your roots keep you in place.
Elongatedgoose's ghost hits you!
You die...

.# #........#### .#
.# #######..## .#
.# # #...# .# <#.#
#)#.#### .# ...#..#
#.#..=.######.#####
......#
#......#..........#
.##...#
#####.............#
.# ...#
##.#..........#
.##...#
#♣#..[.......+
..#...#
#W#..........#
#.#...#
#o#..........#
......#
#w#..........#
#.#.#.####
#o#..........#
.........#
###l...........#
#........#
##..............#
........)#
#..........<.)..#
##.......#
##'##.#####.#####


You could see a worm, elongatedgoose's ghost, 2 orcs and a frilled lizard.

Vanquished Creatures
  2 orc priests (D:3)
  5 adders
  3 worms (D:2)
  5 orcs (D:3)
  9 bats
  3 endoplasms (D:1)
  4 giant cockroaches
  5 goblins
  4 hobgoblins
  7 jackals
  4 kobolds
  A quokka (D:1)
  4 ball pythons
  4 frilled lizards
  4 rats
64 creatures vanquished.

Notes
Turn   | Place    | Note
-------+----------+-------------------------------------------
     0 | D:1      | Pimp the Gargoyle Fighter began the quest for the Orb.
     0 | D:1      | Reached XP level 1. HP: 14/14 MP: 1/1
   104 | D:1      | Reached XP level 2. HP: 19/19 MP: 2/2
   323 | D:1      | Reached XP level 3. HP: 19/23 MP: 3/3
   795 | D:2      | Found a faded altar of an unknown god.
  1078 | D:2      | Reached XP level 4. HP: 29/29 MP: 4/4
  1671 | D:3      | Reached XP level 5. HP: 9/33 MP: 5/5
  1974 | D:3      | Found a runed translucent door.
  1977 | D:3      | Noticed elongatedgoose's ghost (amateur HOFi)
  2044 | D:3      | Slain by elongatedgoose's ghost

Illustrated notes

Levels and vault maps discovered:
D:1:      lemuel_arrival_hallway, layout_basic, dk_noncrumbling_4,
          minmay_misc_feat_iff, minmay_hexomino_f4
D:2:      layout_loops_ring, dreamdust_ecumenical_altar_grove, kennysheep_potato
D:3:      layout_basic, ebering_ghost_sewer_f

Skill      XL: |  1  2  3  4 |
---------------+-------------+-----
Armour         | 4 |  4.4
Fighting       | 4 |  4.4
Shields        | 4 |  4.3
Maces & Flails | 3 |  3.2

Action                     |  1- 3 |  4- 6 || total
---------------------------+-------+-------++-------
  Melee: Short sword       |   124 |   125 ||   249
    Use: Potion            |       |     4 ||     4
 Armour: Scale mail        |    83 |    77 ||   160
         Skin              |       |     1 ||     1
  Dodge: Dodged            |    55 |    61 ||   116
  Block: Buckler           |    24 |    24 ||    48
